 Dungeon Crawl Stone Soup version 0.31.0-32-g396128a36d (webtiles) character file.

Game seed: 9365025370034571178

15 Immortalist the Chopper (level 2, 22/22 HPs)
             Began as a Demonspawn Gladiator on Apr 7, 2024.
             Was a Follower of Vehumet.
             Quit the game on level 1 of the Dungeon on Apr 9, 2024.
             The game lasted 00:05:40 (615 turns).

Immortalist the Chopper (Demonspawn Gladiator)       Turns: 615, Time: 00:05:41

Health: 22/22      AC: 12    Str: 14    XL:     2   Next: 34%
Magic:  2/2        EV:  4    Int:  8    God:    Vehumet [*.....]
Gold:   41         SH:  0    Dex: 14    Spells: 1/1 levels left

rFire   . . .        a - +0 war axe
rCold   . . .        (no shield)
rNeg    . . .        j - +0 plate armour
rPois   .            c - +0 helmet
rElec   .            (no cloak)
rCorr   .            (no gloves)
SInv    .            b - +0 pair of boots
Will    .....        (no amulet) Stlth
                     (no ring)
HPRegen 0.23/turn    (no ring)
MPRegen 0.16/turn

%: no passive effects
@: no status effects
A: magic regeneration
a: Renounce Religion


You were on level 1 of the Dungeon.
You worshipped Vehumet.
Vehumet was aware of your devotion.
You visited 1 branch of the dungeon, and saw 1 of its levels.

You collected 41 gold pieces.

Inventory:

Hand Weapons
 a - a +0 war axe (weapon)
Missiles
 d - 3 throwing nets
 e - a javelin
 i - 3 poisoned darts (quivered)
Armour
 b - a +0 pair of boots (worn)
 c - a +0 helmet (worn)
 j - a +0 plate armour (worn)
Scrolls
 g - a scroll of vulnerability {unknown}
 h - 3 scrolls of brand weapon {unknown}
 k - a scroll of amnesia {unknown}
Potions
 f - a potion of ambrosia {unknown}
 l - a potion of might {unknown}


   Skills:
 * Level 2.1 Fighting
 * Level 3.0 Axes
 * Level 1.8 Throwing
 * Level 0.1 Armour
 * Level 3.0 Dodging
 * Level 0.3 Invocations


You had one spell level left.
You didn't know any spells.
Your spell library was empty.

Dungeon Overview and Level Annotations

Branches:
Dungeon (1/15)

Altars:
Vehumet


Innate Abilities, Weirdness & Mutations

You regenerate magic rapidly.


Message History

Found 4 stones.
A quokka comes into view.
You slash the quokka!
You kill the quokka!
Your Axes skill increases to level 3!
You see here a quokka corpse.
You see here a quokka corpse.
You see here 4 stones.
Found 6 stones.
You see here 6 stones.
You see here 6 stones.
Found a stone staircase leading down.
You now have 31 gold pieces (gained 6).
Found a spear.
l - a bubbling brown potion An endoplasm comes into view.
You see here a +0 spear.
The endoplasm freezes you.
You are frozen.
You completely miss the endoplasm.
The endoplasm hits you but does no damage.
You barely miss the endoplasm.
The endoplasm hits you but does no damage. x2
You hit the endoplasm.
The endoplasm is moderately wounded.
The endoplasm barely misses you.
You slash the endoplasm!
You kill the endoplasm!
Your Dodging skill increases to level 3!
You see here a +0 spear.
There is a stone staircase leading down here.
You now have 41 gold pieces (gained 10).
Found a stone staircase leading down.
There is a faded altar of an unknown god here.
This altar belongs to (a) Lugonu, (b) Vehumet or (c) Wu Jian, but you can't tell which.
Press the corresponding letter to learn more about a god, or press enter to convert or escape to cancel.
Vehumet accepts your prayer! Vehumet welcomes you!
You can now gain magical power from killing.
Vehumet offers you knowledge of Sting.
Are you sure you want to abandon this character and quit the game? (Confirm with "yes".)

###.#######.####
#...#.......)..#
#.###.#####.##.# #.#
#.# ##...#.## #.#
#.###.###...# #.#
#.##.## #..### # #
#.###.#.## #...#.#>#
#.......# #^^^....#
#.......## ##.@^..#
#.###.##.## ##......#
#.##......###....####
..##..####...#.###
####..########.#
#...........#
#.########### #.#
####.#


There were no monsters in sight!

Vanquished Creatures
  An endoplasm (D:1)
  2 goblins (D:1)
  4 jackals (D:1)
  2 quokkas (D:1)
  2 kobolds (D:1)
  2 rats (D:1)
13 creatures vanquished.

Notes
Turn   | Place    | Note
-------+----------+-------------------------------------------
     0 | D:1      | Immortalist the Demonspawn Gladiator began the quest for
                  | the Orb.
     0 | D:1      | Reached XP level 1. HP: 16/16 MP: 1/1
   128 | D:1      | Gained mutation: You regenerate magic rapidly. [demonic
                  | ancestry]
   128 | D:1      | Reached XP level 2. HP: 22/22 MP: 2/2
   373 | D:1      | Found a faded altar of an unknown god.
   614 | D:1      | Prayed at the altar of an unknown god.
   614 | D:1      | Became a worshipper of Vehumet
   614 | D:1      | Reached * piety under Vehumet
   614 | D:1      | Offered knowledge of Sting by Vehumet.
   615 | D:1      | Quit the game

Illustrated notes

Levels and vault maps discovered:
D:1:      minmay_arrival_arboretum_small, layout_loops_ring,
          ebering_ecumenical_altar_webs

Skill      XL: |  1  2 |
---------------+-------+-----
Axes           | 3 |  3.0
Dodging        | 3 |  3.0
Fighting       | |  2.1
Throwing       | |  1.8
Armour         | |  0.1
Invocations    | |  0.3

Action                     || total
---------------------------++-------
  Melee: War axe           ||    38
 Armour: Leather armour    ||    10
         Plate armour      ||    26
  Dodge: Dodged            ||    19
